 Dungeon Crawl Stone Soup version 0.17-a0-1834-gef58047 (webtiles) character file.

61 MayumiScott the Grave Robber (level 3, -8/25 HPs)
             Began as a Demonspawn Necromancer on Sept 15, 2015.
             Mangled by an ogre
             ... wielding a cursed -3 giant club
              (19 damage)
             ... on level 4 of the Dungeon.
             The game lasted 00:37:53 (2669 turns).

MayumiScott the Grave Robber (DsNe)                 Turns: 2669, Time: 00:37:53

Health: -8/25      AC:  9    Str:  8    XL:     3   Next: 83%
Magic:  0/6        EV: 10    Int: 17    God:
Gold:   145        SH:  0    Dex: 13    Spells: 3 memorised, 1 level left

rFire  . . .     SeeInvis .     e - +0 short sword
rCold  . . .     Clarity  .     i - +0 ring mail
rNeg   . . .     SustAt   .     (no shield)
rPois  .         Gourm    .     v - +2 helmet
rElec  .         Spirit   .     (no cloak)
rCorr  .         Warding  .     (no gloves)
rMut   .         Stasis   .     (no boots)
MR     .....                    (no amulet)
Stlth  +.........               (no ring)
                                (no ring)

@: very slightly contaminated, not resistant to hostile enchantments, very
unstealthy
A: molten scales 1, rot immunity
a: no special abilities


You were on level 4 of the Dungeon.
You were not hungry.

You visited 1 branch of the dungeon, and saw 3 of its levels.

You collected 145 gold pieces.

Inventory:

Hand weapons
 c - a +0 dagger
 e - a +0 short sword (weapon)
 h - a +0 hunting sling
 k - a +1 broad axe of distortion
 r - a +0 vampiric dagger
Missiles
 f - 3 bolts of flame
 j - 46 stones (quivered)
Armour
 a - a +0 robe
 g - a +0 scale mail
 i - a +0 ring mail (worn)
 u - a cursed -1 animal skin
 v - a +2 helmet (worn)
Scrolls
 p - a scroll of identify {unknown}
Potions
 l - a potion of heal wounds {unknown}
 m - a potion of cancellation {unknown}
Books
 b - a book of Necromancy

   Spells                             Type                      Level
   a - Pain                           Necromancy                   1
   b - Animate Skeleton               Necromancy                   1
   c - Vampiric Draining              Necromancy                   3
   d - Regeneration                   Charms/Necromancy            3
   e - Animate Dead                   Necromancy                   4
   f - Control Undead                 Necromancy                   4
Comestibles
 d - a meat ration
 n - 2 fruits


   Skills:
 + Level 0.6 Fighting
 - Level 1.7 Dodging
 - Level 1.7 Stealth
 - Level 2.0 Spellcasting
 + Level 5.9 Necromancy


You had one spell level left.
You knew the following spells:

 Your Spells              Type           Power        Failure   Level  Hunger
a - Pain                  Necr           ###.         8%          1    #......
b - Animate Skeleton      Necr           N/A          8%          1    #......
c - Vampiric Draining     Necr           ###.......   21%         3    ###....


Dungeon Overview and Level Annotations

Branches:
Dungeon (4/15)
 Temple: D:4-7

Altars:


Innate Abilities, Weirdness & Mutations

You are partially covered in molten scales (AC +1).
You are immune to rotting.


Message History

Casting: Pain
Confirm with . or Enter, or press ? or * to list all spells.
Aiming: Pain
Press: ? - help, Shift-Dir - straight line, f/p - ooze
Aim: an ooze (moderately wounded, chance to defeat MR: 81%)
You miscast Pain.
You are very lightly contaminated with residual magic.
Nothing appears to happen.
The ooze hits you but does no damage.
Casting: Pain
Confirm with . or Enter, or press ? or * to list all spells.
Aiming: Pain
Press: ? - help, Shift-Dir - straight line, f/p - ooze
Aim: an ooze (moderately wounded, chance to defeat MR: 81%)
The ooze convulses in agony!
The ogre barely misses you. The ooze closely misses you.
Your ring mail prevents you from hitting the ooze.
The ooze is almost dead.
The ogre hits you with a giant club!!
Ouch! That really hurt!
You die...

###########
......J@Oa#
#########.#
###.#######
#.........#
#.#.#####.#
#.#.# #a#
#a#.# #.#
#.#.#####.# #
#.#....a..#.#


You could see an ogre, a worker ant and an ooze.

Vanquished Creatures
  Robin (D:2)
  2 adders (D:2)
  5 goblins
  5 hobgoblins
  7 jackals
  2 giant newts (D:1)
  3 kobolds (D:1)
  2 rats
27 creatures vanquished.

Vanquished Creatures (collateral kills)
  4 goblins
  2 jackals (D:1)
  A kobold (D:1)
7 creatures vanquished.

Grand Total: 34 creatures vanquished

Notes
Turn   | Place    | Note
--------------------------------------------------------------
     0 | D:1      | MayumiScott the Demonspawn Necromancer began the quest for the Orb.
     0 | D:1      | Reached XP level 1. HP: 13/13 MP: 3/3
   311 | D:1      | Learned a level 1 spell: Animate Skeleton
   983 | D:1      | Gained mutation: You are immune to rotting. [demonic ancestry]
   983 | D:1      | Reached XP level 2. HP: 7/19 MP: 3/5
  1009 | D:1      | Reached skill level 5 in Necromancy
  1517 | D:2      | Gained mutation: You are partially covered in molten scales (AC +1). [demonic ancestry]
  1517 | D:2      | Reached XP level 3. HP: 7/24 MP: 6/6
  1537 | D:2      | HP: 1/24 [poisoned by an adder]
  2358 | D:2      | Noticed Robin
  2413 | D:2      | Killed Robin
  2446 | D:2      | Learned a level 3 spell: Vampiric Draining
  2526 | D:2      | You fall through a shaft for 2 floors!
  2573 | D:4      | Noticed an ogre
  2669 | D:4      | Mangled by an ogre

Vault maps used:
D:1:      ncdulo_halloftheorcs, st_stairs_1, corexii_hall_statues_l,
          solitary_fountain, minmay_crystal_water, dk_noncrumbling_3
D:2:      uniq_robin
D:4:      minmay_temple_entry_statues_fountains, serial_glass, glass_columns_b,
          glass_columns_c, glass_columns_a, glass_columns_b, uniq_sigmund

Action                   || total
-------------------------++-------
Melee: Short sword       ||    15
 Cast: Pain              ||    53
       Animate Skeleton  ||    16
       Vampiric Draining ||     1
  Use: Potion            ||     1
  Eat: Chunk             ||     2
       Bread ration      ||     1
